 Dungeon Crawl Stone Soup version 0.23.2-40-g277498a001 (webtiles) character file.

Game seed: 5853833591246196188

980 Curus the Cruncher (level 7, -7/50 HPs)
             Began as a Demonspawn Gladiator on Oct 3, 2019.
             Was a Believer of Okawaru.
             Killed by divine providence
             ... invoked by an orc priest
              (16 damage)
             ... on level 6 of the Dungeon.
             The game lasted 00:21:52 (4898 turns).

Curus the Cruncher (Demonspawn Gladiator)           Turns: 4898, Time: 00:21:53

Health: -7/50      AC:  8    Str: 19    XL:     7   Next: 96%
Magic:  7/7        EV: 13    Int:  9    God:    Okawaru [**....]
Gold:   284        SH:  0    Dex: 17    Spells: 6/6 levels left

rFire    . . .     SeeInvis .   a - +1 quarterstaff
rCold    . . .     Gourm    .   (shield currently unavailable)
rNeg     . . .     Faith    .   b - +1 leather armour
rPois    .         Spirit   .   c - +0 helmet
rElec    .         Reflect  .   (no cloak)
rCorr    .         Harm     .   (no gloves)
MR       .....                  h - +0 pair of boots
Stlth    ++........             (no amulet)
HPRegen  0.16/turn              l - ring of stealth
MPRegen  0.10/turn              (no ring)

@: mighty, lethally poisoned (-7 -> -12)
A: yellow scales 1, demonic guardian 1, powered by pain 1
a: Heroism, Renounce Religion


You were on level 6 of the Dungeon.
You worshipped Okawaru.
Okawaru was pleased with you.
You were not hungry.

You visited 1 branch of the dungeon, and saw 6 of its levels.

You collected 284 gold pieces.

Inventory:

Hand Weapons
 a - a +1 quarterstaff (weapon)
Missiles
 d - 3 throwing nets (quivered)
Armour
 b - a +1 leather armour (worn)
 c - a +0 helmet (worn)
 h - a +0 pair of boots (worn)
Jewellery
 l - a ring of stealth (left hand)
 o - the ring of Xeush {Fire Str+4}
   (You found it on level 4 of the Dungeon)

   [ring of fire]

   It enhances your fire magic.
   It affects your strength (+4).
   It protects you from fire.
   It makes you vulnerable to cold.
Wands
 n - a wand of polymorph (5)
 p - a wand of iceblast (4)
 u - a wand of paralysis (8)
Scrolls
 g - a scroll of amnesia
 i - 8 scrolls of identify
 j - 4 scrolls of teleportation
 r - 2 scrolls of remove curse
Potions
 e - a potion of brilliance
 k - 2 potions of agility
 m - a potion of might
 q - a potion of heal wounds
 s - a potion of haste
Comestibles
 f - 11 rations
 t - 5 chunks of flesh


   Skills:
 - Level 2.0 Fighting
 + Level 8.9 Staves
 - Level 1.7 Throwing
 - Level 2.6 Dodging


You had 6 spell levels left.
You didn't know any spells.
Your spell library contained the following spells:

 Spells                   Type           Power        Failure   Level  Hunger
 Magic Dart               Conj           #...         43%         1    ##.....
 Searing Ray              Conj           #.....       58%         2    ###....
 Dazzling Spray           Conj/Hex       #.....       82%         3    ####...
 Force Lance              Conj/Tloc      #.......     99%         4    #####..
 Fulminant Prism          Conj/Hex       #.........   99%         4    #####..
 Iskenderun's Mystic Bla  Conj           #.......     99%         4    #####..


Dungeon Overview and Level Annotations

Branches:
Dungeon (6/15)
 Temple: D:4-7

Altars:
Okawaru
Zin


Innate Abilities, Weirdness & Mutations

You are partially covered in yellow scales. (AC +2)
A weak demonic guardian rushes to your aid.
You sometimes gain a little power by taking damage.


Message History

The shadow imp is moderately wounded.
You feel sick. The shadow imp hits you.
You swap places.
You feel sick.
Your iron imp misses the shadow imp.
The shadow imp hits your iron imp but does no damage.
You feel sick. The shadow imp hits your iron imp.
Your iron imp closely misses the shadow imp.
The shadow imp hits your iron imp.
The orc priest mumbles some strange prayers to Beogh against you.
Beogh smites you!
* * * LOW HITPOINT WARNING * * *
You focus on the pain.
You feel very mighty all of a sudden.
Your iron imp hits the shadow imp.
You hear a shout!
Unknown command.
You feel sick.
The shadow imp barely misses your iron imp.
The orc priest mumbles some strange prayers to Beogh against you.
Beogh smites you!
You die...

#...>.....%..
.####......ยง.....
......ooo...5..^.
######5#########
#5# #.# #.# #.#
########@#
#........#
#.########
#.#....# #.#.##.#
#.#<.#.#
#.#..#)########
#.#..#.)......#
#.#..#.....(..#


You could see an orc priest, an orc wizard, a shadow imp, an orc and a friendly
iron imp.

Vanquished Creatures
  An orc warrior (D:6)
  2 sky beasts
  A phantom (D:5)
  An ogre (D:6)
  A water moccasin skeleton (D:5)
  A crimson imp (D:6)
  A jelly (D:6)
  A bullfrog skeleton (D:4)
  An iguana (D:6)
  Natasha (thrice) (D:3)
  A worker ant (D:6)
  An orc wizard (D:6)
  A hound skeleton (D:4)
  5 river rats (D:3)
  8 adders
  2 oozes
  2 adder skeletons (D:4)
  5 worms
  2 dart slugs
  2 leopard geckos
  4 orcs
  12 bats
  3 giant cockroaches
  9 hobgoblins
  6 jackals
  7 kobolds
  3 quokkas
  5 ball pythons
  4 frilled lizards
  7 goblins
  A leopard gecko skeleton (D:4)
  A leopard gecko zombie (D:4)
  7 rats
111 creatures vanquished.

Vanquished Creatures (collateral kills)
  A worker ant zombie (D:6)
  A river rat (D:3)
  An adder (D:3)
  A dart slug (D:4)
  A leopard gecko (D:5)
  2 orcs (D:6)
  A rat (D:3)
8 creatures vanquished.

Grand Total: 119 creatures vanquished

Notes
Turn   | Place    | Note
-------+----------+-------------------------------------------
     0 | D:1      | Curus the Demonspawn Gladiator began the quest for the Orb.
     0 | D:1      | Reached XP level 1. HP: 16/16 MP: 1/1
    42 | D:1      | Reached skill level 3 in Staves
   119 | D:1      | Gained mutation: You sometimes gain a little power by
                  | taking damage. [demonic ancestry]
   119 | D:1      | Reached XP level 2. HP: 19/22 MP: 2/2
   655 | D:2      | Reached XP level 3. HP: 21/27 MP: 3/3
   702 | D:2      | Reached skill level 4 in Staves
  1046 | D:2      | Found an iron altar of Okawaru.
  1077 | D:2      | Became a worshipper of Warmaster Okawaru
  1242 | D:3      | Reached XP level 4. HP: 32/33 MP: 4/4
  1290 | D:3      | Noticed Natasha
  1294 | D:3      | Killed Natasha
  1294 | D:3      | Reached skill level 5 in Staves
  1565 | D:3      | Gained mutation: A weak demonic guardian rushes to your
                  | aid. [demonic ancestry]
  1565 | D:3      | Reached XP level 5. HP: 13/38 MP: 5/5
  2318 | D:3      | Noticed Natasha
  2328 | D:3      | Killed Natasha
  2337 | D:3      | Noticed Natasha
  2346 | D:3      | Killed Natasha
  2346 | D:3      | Reached * piety under Okawaru
  2346 | D:3      | Reached skill level 6 in Staves
  2587 | D:4      | Reached XP level 6. HP: 43/44 MP: 6/6
  2799 | D:4      | Noticed a sky beast
  2817 | D:4      | HP: 2/44 [something (5)]
  2818 | D:4      | Killed a sky beast
  3309 | D:4      | Reached skill level 7 in Staves
  3337 | D:4      | Got a brightly glowing amber ring
  3340 | D:4      | Identified the ring of Xeush {Fire Str+4} (You found it on
                  | level 4 of the Dungeon)
  3736 | D:5      | Entered Level 5 of the Dungeon
  3898 | D:5      | Gained mutation: You are partially covered in yellow
                  | scales. (AC +2) [demonic ancestry]
  3898 | D:5      | Reached XP level 7. HP: 36/50 MP: 7/7
  4315 | D:5      | Reached ** piety under Okawaru
  4515 | D:5      | Found a glowing silver altar of Zin.
  4515 | D:5      | Noticed an angel
  4570 | D:6      | Reached skill level 8 in Staves
  4898 | D:6      | Killed from afar by an orc priest

Skill      XL: |  1  2  3  4  5  6  7 |
---------------+----------------------+-----
Staves         | 3 4 5 6 7 8 |  8.9
Fighting       | |  2.0
Throwing       | |  1.7
Dodging        | |  2.6

Action                   |  1- 3 |  4- 6 |  7- 9 || total
-------------------------+-------+-------+-------++-------
Melee: Quarterstaff      |   125 |   241 |    65 ||   431
Evoke: Wand              |       |       |     1 ||     1
  Use: Scroll            |     5 |     4 |     1 ||    10
       Potion            |     2 |     2 |       ||     4
 Stab: Sleeping          |     1 |     5 |       ||     6
       Distracted        |       |     2 |       ||     2
  Eat: Chunk             |     1 |     7 |     2 ||    10
       Ration            |       |     1 |       ||     1
Armor: Leather armour    |    46 |    57 |    19 ||   122
Dodge: Dodged            |    95 |   139 |    33 ||   267
